 Dungeon Crawl Stone Soup version 0.30-a0-172-gc5509c9e31 (webtiles) character file.

Game seed: 10462171207162856805

508 blackman the Slasher (level 6, -3/47 HPs)
             Began as a Demigod Wanderer on Oct 2, 2022.
             Slain by an iguana (7 damage)
             ... on level 5 of the Dungeon.
             The game lasted 00:09:09 (3388 turns).

blackman the Slasher (Demigod Wanderer)             Turns: 3388, Time: 00:09:10

Health: -3/47      AC:  6    Str: 10    XL:     6   Next: 65%
Magic:  10/10      EV: 11    Int: 13    God:
Gold:   182        SH:  0    Dex: 25    Spells: 7/7 levels left

rFire   . . .      SeeInvis .    j - +1 short sword (vamp)
rCold   . . .      Faith    .    (no shield)
rNeg    . . .      Spirit   .    i - +0 ring mail
rPois   .          Reflect  .    (no helmet)
rElec   .          Harm     .    (no cloak)
rCorr   .          Rampage  .    (no gloves)
Will    .....                    a - +0 pair of boots
Stlth   +.........               (no amulet)
HPRegen 0.27/turn                (no ring)
MPRegen 0.12/turn                (no ring)

@: no status effects
A: high MP 1, forlorn, divine attributes
a: no special abilities


You were on level 5 of the Dungeon.
You visited 1 branch of the dungeon, and saw 5 of its levels.

You collected 182 gold pieces.

Inventory:

Hand Weapons
 j - a +1 vampiric short sword (weapon)
 w - a +0 long sword
Missiles
 b - 2 throwing nets (quivered)
 d - 11 poisoned darts
Armour
 a - a +0 pair of boots (worn)
 i - a +0 ring mail (worn)
Jewellery
 p - a ring of wizardry
 s - an amulet of the acrobat
Wands
 u - a wand of polymorph (9)
Scrolls
 c - 3 scrolls of vulnerability
 f - a scroll of silence
 h - a scroll of amnesia {unknown}
 l - a scroll of enchant weapon {unknown}
 m - a scroll of torment {unknown}
 n - a scroll of identify {unknown}
 t - 2 scrolls of poison {unknown}
 v - a scroll of butterflies {unknown}
Potions
 e - a potion of berserk rage {unknown}
 g - a potion of ambrosia
 k - a potion of might {unknown}
 o - a potion of heal wounds {unknown}
 q - a potion of attraction
 r - 2 potions of resistance


   Skills:
 - Level 1.0 Fighting
 * Level 6.6 Long Blades
 - Level 3.6 Throwing
 - Level 1.0 Armour
 - Level 2.6 Dodging
 - Level 1.0 Spellcasting


You had 7 spell levels left.
You didn't know any spells.
Your spell library contained the following spells:

 Spells                   Type           Power      Damage    Failure   Level
 Freeze                   Ice            0%         1d3       56%         1
 Blink                    Tloc           0%         N/A       71%         2
 Momentum Strike          Conj/Tloc      0%         3d8       71%         2
 Frozen Ramparts          Ice            0%         1d1       91%         3
 Hailstorm                Conj/Ice       0%         3d3       91%         3
 Lesser Beckoning         Tloc           0%         N/A       91%         3
 Arcjolt                  Conj/Air       0%         1d10      100%        5
 Iskenderun's Battlesphe  Conj           0%         2d6       100%        5
 Iron Shot                Conj/Erth      0%         9d1       100%        6
 Spellforged Servitor     Conj/Summ      0%         N/A       100%        7


Dungeon Overview and Level Annotations

Branches:
Dungeon (5/15)
 Temple: D:4-7

Annotations:
D:3 2 transporters, Fractals's ghost, weakling MfWr


Innate Abilities, Weirdness & Mutations

You have an increased reservoir of magic. (+10% MP)
You shall have no god before yourself.
Your divine heritage dramatically boosts your attributes as you level up.


Message History

You are too injured to fight recklessly!
You are too injured to fight recklessly!
You are too injured to fight recklessly!
You are too injured to fight recklessly!
You are too injured to fight recklessly!
You are too injured to fight recklessly!
You are too injured to fight recklessly!
You are too injured to fight recklessly!
You are too injured to fight recklessly!
You are too injured to fight recklessly!
You are too injured to fight recklessly!
You are too injured to fight recklessly!
You are too injured to fight recklessly!
You are too injured to fight recklessly!
You are too injured to fight recklessly!
You are too injured to fight recklessly!
You are too injured to fight recklessly!
You are too injured to fight recklessly!
You are too injured to fight recklessly!
You are too injured to fight recklessly!
You are too injured to fight recklessly!
You are too injured to fight recklessly!
You are too injured to fight recklessly!
You hit the iguana. Your punch misses the iguana.
The iguana is moderately wounded.
The iguana bites you!
* * * LOW HITPOINT WARNING * * *
The orc hits you with a +0 hand axe.
* * * LOW HITPOINT WARNING * * *
You hit the iguana.
You feel better.
The iguana is moderately wounded.
You hit the iguana but do no damage.
The iguana is moderately wounded.
The iguana bites you but does no damage.
The orc hits you with a +0 hand axe.
* * * LOW HITPOINT WARNING * * *
You hit the iguana.
The iguana is moderately wounded.
The iguana bites you!
You die...

..P...P......#.#
#P~.~~.##...#.##.###
##~~~~≈......<......#
....~~~.##...#.##.#.#
##.~.~~..........
#...........#....#
.....##?.......#....
##................#.#
#.#.##o@.........# #
o.......l..........
.#.#..#......#..
......[.....# .
#.#..#........ #
##.#.....(... #
#......... ..........


You could see an iguana and an orc.

Vanquished Creatures
  Eustachio (D:4)
  A phantom (D:4)
  A hound (D:4)
  2 orc priests (D:4)
  A scorpion zombie (D:5)
  An orc wizard (D:4)
  A howler monkey zombie (D:5)
  4 adders
  An ufetubus (D:5)
  A worm (D:4)
  2 dart slugs
  9 orcs
  5 endoplasms
  4 giant cockroaches
  4 goblins
  6 hobgoblins
  2 jackals (D:1)
  14 kobolds
  4 quokkas
  6 ball pythons
  8 bats
  6 frilled lizards
  13 rats
97 creatures vanquished.

Notes
Turn   | Place    | Note
-------+----------+-------------------------------------------
     0 | D:1      | blackman the Demigod Wanderer began the quest for the Orb.
     0 | D:1      | blackman set off with the following items: a +0 dagger, 2
                  | throwing nets, a scroll of vulnerability, 11 poisoned
                  | darts, a +0 leather armour, a scroll of silence.
     0 | D:1      | Reached XP level 1. HP: 16/16 MP: 4/4
   100 | D:1      | Reached skill level 1 in Long Blades
   226 | D:1      | Reached XP level 2. HP: 14/23 MP: 5/5
   361 | D:1      | Reached skill level 2 in Long Blades
   621 | D:1      | Reached XP level 3. HP: 25/28 MP: 6/6
   942 | D:2      | Reached skill level 3 in Long Blades
  1725 | D:2      | Reached XP level 4. HP: 24/35 MP: 8/8
  2208 | D:3      | Reached skill level 4 in Long Blades
  2241 | D:3      | Found a transporter.
  2241 | D:3      | Noticed Fractals's ghost (weakling MfWr)
  2242 | D:3      | Found a transporter.
  2242 | D:3      | Noticed an ogre
  2242 | D:3      | Identified the +11 great mace of Boqeihe {venom, rElec}
  2242 | D:3      | Noticed an ogre
  2340 | D:4      | Noticed Eustachio
  2350 | D:4      | Killed Eustachio
  2351 | D:4      | Reached skill level 5 in Long Blades
  2351 | D:4      | Reached XP level 5. HP: 40/40 MP: 9/9
  2524 | D:4      | HP: 2/40 [worm (8)]
  2549 | D:4      | Reached XP level 6. HP: 7/47 MP: 10/10
  2816 | D:4      | Reached skill level 6 in Long Blades
  3338 | D:5      | Entered Level 5 of the Dungeon
  3388 | D:5      | Slain by an iguana

Illustrated notes

Levels and vault maps discovered:
D:1:      dpeg_arrival_prison, layout_basic, basic_ecumenical_altar,
          nicolae_figureground_pulse
D:2:      layout_basic, eino_tiny_chamber
D:3:      layout_rooms, gammafunk_ghost_smash, nrook_mini_vaults,
          grunt_decor_mini_mirrors
D:4:      cheibrodos_pilgrimage, layout_rooms, mainiacjoe_overflow_alcove_4,
          uniq_eustachio
D:5:      layout_basic, grunt_temple_overflow_octagram,
          minmay_temple_entry_sparse_star, serial_undead, serial_undead_f,
          serial_undead_f, serial_undead_e, serial_undead_b, serial_undead_b,
          serial_undead_d, serial_undead_c, minivault_27, uniq_blork_the_orc,
          uniq_ijyb

Skill      XL: |  1  2  3  4  5  6 |
---------------+-------------------+-----
Long Blades    | 1 2 3 5 6 |  6.6
Fighting       | |  1.0
Throwing       | |  3.6
Armour         | |  1.0
Dodging        | |  2.6
Spellcasting   | |  1.0

Action                   |  1- 3 |  4- 6 || total
-------------------------+-------+-------++-------
Melee: Dagger            |    69 |       ||    69
       Short sword       |   153 |   273 ||   426
       Punch             |     1 |     3 ||     4
       Unarmed           |       |     7 ||     7
  Use: Scroll            |       |     1 ||     1
       Potion            |       |     6 ||     6
 Stab: Sleeping          |     1 |       ||     1
Armor: Leather armour    |    16 |       ||    16
       Ring mail         |    65 |    71 ||   136
       Skin              |       |     3 ||     3
Dodge: Dodged            |   142 |   144 ||   286

Table legend: (Time is in decaauts)
 A = Elapsed time spent in this place.
 B = Non-inter-level travel time spent in this place.
 C = Inter-level travel time spent in this place.
 D = Time resting spent in this place.
 E = Time spent auto-exploring this place.
 F = Levels seen in this place.
 G = Mean time per level.
                   A        B        C        D        E       F      G
               +--------+--------+--------+--------+--------+-----+--------+
         Total |   3329 |   3178 |    151 |    100 |   2235 |   5 |  665.8 |
       Dungeon |   3329 |   3178 |    151 |    100 |   2235 |   5 |  665.8 |
               +--------+--------+--------+--------+--------+-----+--------+

Top non-repeatable levels by time:
     D:4: 969 daAuts
     D:2: 872 daAuts
     D:1: 841 daAuts
     D:3: 603 daAuts
     D:5: 42 daAuts
